 Dungeon Crawl Stone Soup version 0.22.1-1-ga44c0e56f4 (webtiles) character file.

5100 LLavrengius the Archer (level 10, -10/88 HPs)
             Began as a Centaur Arcane Marksman on Oct 22, 2018.
             Was a High Priest of Okawaru.
             Mangled by a sixfirhy (12 damage)
             ... summoned by an obsidian statue
             ... on level 10 of the Dungeon.
             The game lasted 00:39:06 (11477 turns).

LLavrengius the Archer (Centaur Arcane Marksman)   Turns: 11477, Time: 00:39:07

Health: -10/88     AC: 10    Str: 16      XL:     10   Next: 32%
Magic:  24/24      EV:  4    Int: 12      God:    Okawaru [*****.]
Gold:   443        SH:  0    Dex:  9 (10) Spells: 10/11 levels left

rFire    . . .     SeeInvis .   P - +1 shortbow (velocity)
rCold    . . .     Gourm    .   (shield currently unavailable)
rNeg     . . .     Faith    .   o - +0 chain mail
rPois    .         Spirit   .   (no helmet)
rElec    .         Reflect  .   Q - +0 cloak
rCorr    .         Harm     .   H - +1 pair of gloves
MR       .....                  (no barding)
Stlth    ..........             (no amulet)
HPRegen  0.24/turn              g - ring of magical power
MPRegen  0.19/turn              (no ring)

@: very quick
A: large, hooves 3, deformed body, speed 2, tough skin 3
a: Heroism, Finesse, Renounce Religion


You were on level 10 of the Dungeon.
You worshipped Okawaru.
Okawaru was extremely pleased with you.
You were hungry.

You visited 2 branches of the dungeon, and saw 11 of its levels.

You collected 443 gold pieces.

Inventory:

Hand Weapons
 s - a +0 hunting sling
 x - a +2 dagger of venom
 O - a cursed +2 dagger of freezing
 P - a +1 shortbow of velocity (weapon)
Missiles
 c - 200 stones
 d - 152 arrows (quivered)
 u - 50 sling bullets
 M - 3 throwing nets
Armour
 e - a +0 robe
 i - a +3 leather armour
 n - a scarf of spirit shield
 o - a +0 chain mail (worn)
 H - a +1 pair of gloves (worn)
 Q - a +0 cloak (worn)
Jewellery
 a - a +5 amulet of reflection {unknown}
 g - a ring of magical power (left hand)
 z - an uncursed ring of fire
 I - an uncursed ring of protection from magic {unknown}
 L - an uncursed amulet of the gourmand {unknown}
Wands
 q - a wand of iceblast (20)
 y - a wand of random effects (29)
 D - a wand of acid (10)
 W - a wand of polymorph (12)
Scrolls
 b - 8 scrolls of identify
 j - 8 scrolls of remove curse
 l - a scroll of enchant armour
 m - 2 scrolls of magic mapping {unknown}
 r - 2 scrolls of amnesia {unknown}
 v - a scroll of teleportation
 B - a scroll of blinking {unknown}
 C - 2 scrolls of fear {unknown}
 K - 2 scrolls of enchant weapon {unknown}
 T - a scroll of acquirement {unknown}
 V - a scroll of fog
Potions
 h - a potion of might
 k - 3 potions of degeneration
 p - a potion of curing
 t - 3 potions of ambrosia {unknown}
 w - 2 potions of resistance {unknown}
 A - 2 potions of lignification {unknown}
 E - a potion of invisibility {unknown}
 F - a potion of flight {unknown}
 G - a potion of berserk rage {unknown}
 J - a potion of heal wounds {unknown}
 N - 2 potions of brilliance {unknown}
 R - a potion of cancellation {unknown}
 S - a potion of agility {unknown}
 U - a potion of haste {unknown}
Comestibles
 f - 21 rations


   Skills:
 + Level 7.7 Fighting
 - Level 14.0 Bows
 - Level 1.3 Dodging
 - Level 1.0 Spellcasting
 - Level 3.0 Hexes
 + Level 7.7 Invocations


You had 10 spell levels left.
You knew the following spells:

 Your Spells              Type           Power        Failure   Level  Hunger
a - Corona                Hex            #......      88%         1    ##.....

Your spell library contained the following spells:

 Spells                   Type           Power        Failure   Level  Hunger
 Slow                     Hex            #.......     95%         2    ###....
 Shock                    Conj/Air       #...         99%         1    ##.....
 Swiftness                Chrm/Air       #.......     100%        2    ###....
 Inner Flame              Hex/Fire       #.......     100%        3    ####...
 Portal Projectile        Hex/Tloc       #.....       100%        3    ####...
 Static Discharge         Conj/Air       #.......     100%        3    ####...
 Airstrike                Air            #.........   100%        4    #####..
 Cause Fear               Hex            #.........   100%        4    #####..
 Leda's Liquefaction      Hex/Erth       #.........   100%        4    #####..
 Lightning Bolt           Conj/Air       #.........   100%        5    ######.


Dungeon Overview and Level Annotations

Branches:
Dungeon (10/15)            Temple (1/1) D:4             Orc (0/2) D:10
   Lair: D:8-11

Altars:
Ashenzari
Fedhas
Gozag
Kikubaaqudgha
Makhleb
Okawaru
Ru
Trog
Uskayaw
Wu Jian
Xom
Yredelemnul
Zin

Shops:
D:9 %   D:10 (

Annotations:
D:10 exclusion: obsidian statue


Innate Abilities, Weirdness & Mutations

You have hooves in place of feet.
Armour fits poorly on your strangely shaped body.
You cover ground very quickly.
You have extremely tough skin. (AC +3)


Message History

The sixfirhy shocks you! The sixfirhy hits you! The sixfirhy shocks you!
The sixfirhy hits you but does no damage.
The sixfirhy hits you but does no damage. x3
The sixfirhy hits you but does no damage.
The sixfirhy hits you but does no damage.
The sixfirhy hits you. The sixfirhy shocks you!
The sixfirhy closely misses you.
The sixfirhy hits you but does no damage.
The sixfirhy hits you. The sixfirhy shocks you!
The sixfirhy hits you but does no damage.
The sixfirhy hits you!
* * * LOW HITPOINT WARNING * * *
The sixfirhy shocks you!
* * * LOW HITPOINT WARNING * * *
The sixfirhy hits you but does no damage.
The sixfirhy hits you!
* * * LOW HITPOINT WARNING * * *
The sixfirhy shocks you!
You die...

#.#.# #.#..............
#.#.########.#.#############
#.#.........................
#.####.###.##...........#...
####.####..##.###..........#...
#......###....#............#...
#......###...............# #...
#......##..#.3...........###...
#......#..###.@..........##...#
#...>....####...............#.#
#.......#...#............####.#
#.......#................## #.#
####.##.#.................# #.#
#........#...........#.###.#
#..##....#...........#[.....
#####...#....#.######.>.........
#.....#..#.###.## #####.......


You could see a sixfirhy.

Vanquished Creatures
  A two-headed ogre (D:8)
  Maurice (D:10)
  A komodo dragon (D:10)
  A hornet (D:10)
  Grum (D:9)
  2 soldier ants (D:8)
  6 sky beasts
  An ice beast (D:8)
  2 ogres
  A phantom (D:9)
  7 centaurs
  A wolf (D:9)
  3 bullfrogs
  A gnoll sergeant (D:8)
  2 wyvern zombies
  5 killer bees (D:9)
  3 howler monkeys (D:7)
  3 wights (D:7)
  2 crimson imps
  2 bullfrog zombies
  2 jellies
  A bullfrog skeleton (D:5)
  A centaur skeleton (D:7)
  A quasit (D:10)
  7 hounds
  2 iguanas
  Terence (D:3)
  2 orc wizards
  5 worker ants
  2 adders
  9 gnolls
  A howler monkey skeleton (D:9)
  3 shadow imps
  An adder zombie (D:6)
  4 worms
  A dart slug (D:2)
  2 leopard geckos
  16 orcs
  5 ball pythons
  8 giant cockroaches
  7 goblins
  2 hobgoblins (D:2)
  6 jackals
  A quokka (D:8)
  4 bats
  3 frilled lizards
  5 kobolds
  A quokka skeleton (D:4)
  A quokka zombie (D:9)
  5 rats
  A spectral orc (D:8)
156 creatures vanquished.

Notes
Turn   | Place    | Note
-------+----------+-------------------------------------------
     0 | D:1      | LLavrengius the Centaur Arcane Marksman began the quest for
                  | the Orb.
     0 | D:1      | Reached XP level 1. HP: 16/16 MP: 2/2
    16 | D:1      | Reached skill level 3 in Bows
   418 | D:1      | Reached XP level 2. HP: 23/23 MP: 3/3
   712 | D:1      | You fall through a shaft!
   758 | D:2      | Reached skill level 4 in Bows
  1215 | D:2      | Reached XP level 3. HP: 26/28 MP: 4/4
  2477 | D:3      | Noticed Terence
  2492 | D:3      | Killed Terence
  2492 | D:3      | Reached skill level 5 in Bows
  2492 | D:3      | Reached XP level 4. HP: 26/36 MP: 5/5
  2813 | D:3      | Reached skill level 6 in Bows
  2813 | D:3      | Reached XP level 5. HP: 30/42 MP: 6/6
  3236 | D:4      | Found a staircase to the Ecumenical Temple.
  3244 | D:4      | Noticed an ogre
  3279 | Temple   | Entered the Ecumenical Temple
  3294 | Temple   | Became a worshipper of Warmaster Okawaru
  3950 | D:4      | Killed an ogre
  3950 | D:4      | Reached skill level 7 in Bows
  3950 | D:4      | Reached skill level 1 in Invocations
  3950 | D:4      | Reached XP level 6. HP: 51/51 MP: 7/7
  4529 | D:5      | Entered Level 5 of the Dungeon
  5233 | D:5      | Reached XP level 7. HP: 58/58 MP: 8/8
  5247 | D:5      | Reached skill level 8 in Bows
  5298 | D:5      | Found a shattered altar of Ashenzari.
  5746 | D:6      | Reached * piety under Okawaru
  6190 | D:6      | Reached skill level 9 in Bows
  6907 | D:7      | Reached XP level 8. HP: 56/67 MP: 10/10
  6936 | D:7      | Reached ** piety under Okawaru
  7047 | D:7      | Reached skill level 10 in Bows
  7106 | D:7      | Reached skill level 5 in Fighting
  7138 | D:7      | Found a blossoming altar of Fedhas.
  7560 | D:8      | Reached skill level 5 in Invocations
  7841 | D:8      | Reached skill level 11 in Bows
  7950 | D:8      | Reached *** piety under Okawaru
  7970 | D:8      | Noticed a two-headed ogre
  8009 | D:8      | Killed a two-headed ogre
  8009 | D:8      | Reached **** piety under Okawaru
  8009 | D:8      | Reached skill level 12 in Bows
  8009 | D:8      | Reached XP level 9. HP: 61/77 MP: 13/13
  8358 | D:8      | Received a gift from Okawaru
  8415 | D:8      | Found a basalt altar of Yredelemnul.
  9229 | D:9      | Noticed Grum
  9583 | D:9      | Found Jarch's Food Boutique.
  9628 | D:9      | Reached skill level 13 in Bows
 10299 | D:10     | Entered Level 10 of the Dungeon
 10475 | D:9      | Reached XP level 10. HP: 86/86 MP: 15/15
 10542 | D:9      | Killed Grum
 10835 | D:10     | Found Joshivao's Weapon Emporium.
 10880 | D:10     | Noticed Maurice
 10950 | D:10     | Killed Maurice
 10950 | D:10     | Reached ***** piety under Okawaru
 11006 | D:10     | Paralysed by a hornet for 1 turns
 11337 | D:10     | Found a staircase to the Orcish Mines.
 11421 | D:10     | Reached skill level 14 in Bows
 11424 | D:10     | Noticed an obsidian statue
 11433 | D:10     | Noticed a sixfirhy
 11477 | D:10     | HP: 2/88 [sixfirhy[an obsidian statue] (9)]
 11477 | D:10     | Mangled by a sixfirhy

Skill      XL: |  1  2  3  4  5  6  7  8  9 10 |
---------------+-------------------------------+-----
Bows           | 3 4 5 6 7 9 12 13 14 | 14.0
Hexes          | 3 |  3.0
Fighting       | 2 3 4 6 7 |  7.7
Invocations    | 1 2 3 6 7 |  7.7
Dodging        | |  1.3
Spellcasting   | |  1.0

Action                   |  1- 3 |  4- 6 |  7- 9 | 10-12 || total
-------------------------+-------+-------+-------+-------++-------
Melee: Unarmed           |    37 |       |       |     5 ||    42
       Kick              |    23 |    19 |    13 |       ||    55
       Club              |    44 |       |       |       ||    44
       Dagger            |    16 |    90 |    73 |       ||   179
 Fire: Shortbow          |    50 |    18 |   397 |   102 ||   567
       Hunting sling     |    17 |       |       |       ||    17
Throw: Stone             |    11 |     6 |       |       ||    17
  Use: Scroll            |       |     6 |       |       ||     6
       Potion            |       |       |     2 |       ||     2
 Stab: Confused          |       |       |       |     1 ||     1
  Eat: Chunk             |     4 |     6 |     6 |     2 ||    18
       Ration            |       |       |     2 |       ||     2
Armor: Robe              |    16 |       |       |       ||    16
       Chain mail        |    60 |    56 |   124 |    34 ||   274
Dodge: Dodged            |    28 |    21 |    41 |    12 ||   102
